 Dungeon Sprint DCSS version 0.22-a0-412-g2b68d144a4 (webtiles) character file.

2655 Hephaistos the Spear-Bearer (level 9, -21/89 HPs)
             Began as a Centaur Berserker on May 12, 2018.
             Was a High Priest of Trog.
             Demolished by a komodo dragon (26 damage)
             ... in the Dungeon (Sprint IX: "|||||||||||||||||||||||||||||").
             The game lasted 00:01:01 (527 turns).

Hephaistos the Spear-Bearer (Centaur Berserker)      Turns: 527, Time: 00:01:02

Health: -21/89     AC: 11    Str: 23    XL:     9   Next: 36%
Magic:  9/9        EV:  8    Int:  6    God:    Trog [*****.]
Gold:   0          SH:  0    Dex: 15    Spells: 8/8 levels left

rFire    + . .     SeeInvis .   m - +2 halberd (chop)
rCold    . . .     Gourm    .   (shield currently unavailable)
rNeg     . . .     Faith    .   o - +1 chain mail {rF+}
rPois    .         Spirit   .   (no helmet)
rElec    .         Reflect  .   n - +0 cloak
rCorr    .         Harm     .   (no gloves)
MR       .....     NoTele   +   (no barding)
Stlth    ..........             (no amulet)
HPRegen  0.24/turn              p - +3 ring of strength
MPRegen  0.11/turn              q - +3 ring of dexterity

@: lethally poisoned (-21 -> -23), berserk cooldown, slowed
A: large, hooves 3, deformed body, speed 2, tough skin 3
a: Berserk, Trog's Hand, Brothers in Arms, Renounce Religion


You were in the Dungeon.
You worshipped Trog.
Trog was extremely pleased with you.
You were hungry.

You visited 1 branch

Inventory:

Hand Weapons
 m - a +2 halberd of chopping (weapon)
Armour
 n - a +0 cloak (worn)
 o - a +1 chain mail of fire resistance (worn)
Jewellery
 p - a +3 ring of strength (left hand)
 q - a +3 ring of dexterity (right hand)
Wands
 l - a wand of acid (10)
Scrolls
 i - 3 scrolls of blinking
 k - 7 scrolls of remove curse
 s - a scroll of identify
 t - a scroll of fear
 u - 2 scrolls of enchant armour
Potions
 b - a potion of brilliance
 d - 6 potions of curing
 e - 9 potions of heal wounds
 f - a potion of haste
 g - 4 potions of magic
 h - 2 potions of berserk rage
 j - a potion of invisibility
 r - a potion of cancellation
Comestibles
 a - 12 chunks of flesh
 c - a ration


   Skills:
 + Level 11.5 Fighting
 + Level 14.7 Polearms
 + Level 5.3 Armour
 + Level 4.2 Dodging


You had 8 spell levels left.
You didn't know any spells.
Your spell library was empty.

Dungeon Overview and Level Annotations

Branches:
Dungeon (1/1)

Altars:
Cheibriados
Dithmenos
Elyvilon
Fedhas
Gozag
Hepliaklqana
Kikubaaqudgha
Makhleb
Nemelex Xobeh
Okawaru
Qazlal
Ru
Sif Muna
Trog
Uskayaw
Vehumet
Wu Jian
Xom
Yredelemnul
Zin
The Shining One
Beogh
Jiyva
Lugonu


Innate Abilities, Weirdness & Mutations

You have hooves in place of feet.
Armour fits poorly on your strangely shaped body.
You cover ground very quickly.
You have extremely tough skin. (AC +3)


Message History

The spiny frog is lightly wounded.
You are no longer berserk.
You are exhausted.
You feel yourself slow down.
You feel sick.
You are feeling hungry.
You puncture the spiny frog!
The spiny frog is heavily wounded.
You feel sick. The spiny frog stings you. The spiny frog stings you!
* * * LOW HITPOINT WARNING * * *
Some of the chunks of flesh in your inventory have rotted away.
You slice the spiny frog!!
You kill the spiny frog!
Trog accepts your kill.
You closely miss the komodo dragon. Your kick misses the komodo dragon.
You feel sick. The komodo dragon bites you!!
* * * LOW HITPOINT WARNING * * *
You puncture the komodo dragon! You kick the komodo dragon!
The komodo dragon is severely wounded.
You feel sick. The komodo dragon bites you!!
You die...

▓▓▓▓▓▓▓▓▓▓▓▓▓▓▓▓▓▓▓▓▓▓▓▓▓▓▓▓▓▓▓▓▓
_____________________'.....).....
▓▓▓▓▓▓▓▓▓▓▓▓▓▓▓▓▓▓▓▓▓▓▓▓▓▓▓▓▓▓▓▓▓
.................................
▓▓▓▓▓▓▓▓▓▓▓▓▓▓▓▓▓▓▓▓▓▓▓▓▓▓▓▓▓▓▓▓▓
.....rl@)............'..
▓▓▓▓▓▓▓▓▓▓▓▓▓▓▓▓▓▓▓▓▓▓▓▓


You could see a komodo dragon and a porcupine.

Vanquished Creatures
  A hydra (D)
  A manticore (D)
  A spiny frog (D)
  A slime creature (D)
  A hippogriff (D)
  A water moccasin (D)
  2 porcupines (D)
  2 orc warriors (D)
  An ogre (D)
  A crocodile (D)
  2 bullfrogs (D)
  A howler monkey (D)
  A hound (D)
  An iguana (D)
  A worker ant (D)
  An adder (D)
  An ooze (D)
  2 orcs (D)
  A goblin (D)
  A jackal (D)
  A bat (D)
  A frilled lizard (D)
  A giant cockroach zombie (D)
  A kobold (D)
  A rat (D)
29 creatures vanquished.

Notes
Turn   | Place    | Note
-------+----------+-------------------------------------------
     0 | D        | Hephaistos the Centaur Berserker began the quest for the Orb.
     0 | D        | Reached XP level 1. HP: 19/19 MP: 1/1
     4 | D        | Reached skill level 3 in Polearms
     7 | D        | Reached ** piety under Trog
    10 | D        | Reached skill level 4 in Polearms
    58 | D        | Noticed a howler monkey
    63 | D        | Reached skill level 5 in Polearms
    63 | D        | Reached XP level 2. HP: 25/26 MP: 2/2
    65 | D        | Killed a howler monkey
    65 | D        | Reached *** piety under Trog
    65 | D        | Reached skill level 7 in Polearms
    65 | D        | Reached XP level 3. HP: 30/31 MP: 3/3
   196 | D        | Found a roughly hewn altar of Beogh.
   196 | D        | Found a snail-covered altar of Cheibriados.
   196 | D        | Found a shadowy altar of Dithmenos.
   196 | D        | Found a white marble altar of Elyvilon.
   196 | D        | Found a blossoming altar of Fedhas.
   196 | D        | Found an opulent altar of Gozag.
   197 | D        | Found a hazy altar of Hepliaklqana.
   198 | D        | Found a viscous altar of Jiyva.
   199 | D        | Found an ancient bone altar of Kikubaaqudgha.
   200 | D        | Found a corrupted altar of Lugonu.
   201 | D        | Found a burning altar of Makhleb.
   202 | D        | Found a sparkling altar of Nemelex Xobeh.
   203 | D        | Found an iron altar of Okawaru.
   204 | D        | Found a stormy altar of Qazlal.
   205 | D        | Found a sacrificial altar of Ru.
   206 | D        | Found a deep blue altar of Sif Muna.
   207 | D        | Found a bloodstained altar of Trog.
   208 | D        | Found a hide-covered altar of Uskayaw.
   209 | D        | Found a radiant altar of Vehumet.
   210 | D        | Found an ornate altar of the Wu Jian Council.
   211 | D        | Found a shimmering altar of Xom.
   212 | D        | Found a basalt altar of Yredelemnul.
   213 | D        | Found a glowing silver altar of Zin.
   214 | D        | Found a glowing golden altar of the Shining One.
   261 | D        | Noticed an orc warrior
   261 | D        | Noticed a bullfrog
   263 | D        | Reached **** piety under Trog
   265 | D        | Killed a bullfrog
   265 | D        | Reached skill level 8 in Polearms
   265 | D        | Reached XP level 4. HP: 41/41 MP: 4/4
   268 | D        | Reached skill level 5 in Fighting
   268 | D        | Reached XP level 5. HP: 48/48 MP: 5/5
   270 | D        | Reached skill level 9 in Polearms
   275 | D        | Killed an orc warrior
   275 | D        | Reached ***** piety under Trog
   275 | D        | Reached XP level 6. HP: 58/58 MP: 6/6
   320 | D        | Noticed an orc warrior
   320 | D        | Noticed a manticore
   320 | D        | Noticed a slime creature
   325 | D        | Killed a slime creature
   325 | D        | Reached skill level 10 in Polearms
   328 | D        | Killed a manticore
   328 | D        | Reached skill level 12 in Polearms
   328 | D        | Reached XP level 7. HP: 70/70 MP: 7/7
   333 | D        | Received a gift from Trog
   335 | D        | Reached XP level 8. HP: 79/79 MP: 8/8
   506 | D        | Noticed a five-headed hydra
   506 | D        | Noticed a hippogriff
   510 | D        | Noticed a spiny frog
   510 | D        | Reached skill level 10 in Fighting
   511 | D        | Reached skill level 13 in Polearms
   513 | D        | Received a gift from Trog
   514 | D        | Noticed a komodo dragon
   517 | D        | Killed a hippogriff
   522 | D        | Killed a nine-headed hydra
   522 | D        | Reached skill level 14 in Polearms
   522 | D        | Reached skill level 5 in Armour
   522 | D        | Reached XP level 9. HP: 64/89 MP: 9/9
   525 | D        | Killed a spiny frog
   527 | D        | Demolished by a komodo dragon

Vault maps used:
D:        linesprint

Skill      XL: |  1  2  3  4  5  6  7  8 |
---------------+-------------------------+-----
Polearms       | 5 7 8 9 12 14 | 14.7
Fighting       | 4 5 6 9 11 | 11.5
Armour         | 2 4 5 |  5.3
Dodging        | 2 3 4 |  4.2

Action                   |  1- 3 |  4- 6 |  7- 9 || total
-------------------------+-------+-------+-------++-------
Melee: Spear             |    19 |       |       ||    19
       Halberd           |     3 |    17 |    27 ||    47
       Kick              |     1 |     4 |     4 ||     9
Invok: Berserk           |     2 |     1 |     1 ||     4
  Eat: Chunk             |       |       |     2 ||     2
Armor: Animal skin       |     2 |       |       ||     2
       Chain mail        |       |     2 |     4 ||     6
Dodge: Dodged            |     1 |     5 |     4 ||    10

Table legend:
 A = Spawn XP
 B = Non-spawn XP
 C = Spawn XP percentage of total XP
 D = Spawn monster count
 E = Non-spawn monster count
 F = Spawn count percentage of total count
 G = Total turns spent on level
                    A         B        C        D         E        F      G
               +---------+---------+-------+---------+---------+-------+---------
         Total |       0 |    3793 |   0.0 |       0 |      29 |   0.0 |   527
               +---------+---------+-------+---------+---------+-------+---------
             D |       0 |    3793 |   0.0 |       0 |      29 |   0.0 |   527
               +---------+---------+-------+---------+---------+-------+---------
